 Dungeon Crawl Stone Soup version 0.25.1-2-g60ff931df9 (webtiles) character file.

Game seed: 3896316260903579828

4 lepoulpe303 the Stinger (level 1, 0/11 HPs)
             Began as an Octopode Venom Mage on Oct 27, 2020.
             Succumbed to a kobold's poison
             ... on level 1 of the Dungeon.
             The game lasted 00:01:22 (84 turns).

lepoulpe303 the Stinger (Octopode Venom Mage)         Turns: 84, Time: 00:01:23

Health: 0/11       AC:  1    Str:  7    XL:     1   Next: 60%
Magic:  0/3        EV: 13    Int: 17    God:
Gold:   0          SH:  0    Dex: 12    Spells: 3/4 levels left

rFire    . . .     SeeInvis .   (no weapon)
rCold    . . .     Gourm    .   (no shield)
rNeg     . . .     Faith    .   (helmet restricted)
rPois    .         Spirit   .   (no amulet)
rElec    .         Reflect  .   (no ring)
rCorr    .         Harm     .   (no ring)
MR       .....                  (no ring)
Stlth    +++.......             (no ring)
HPRegen  0.03/turn              (no ring)
MPRegen  0.08/turn              (no ring)
                                (no ring)
                                (no ring)

@: lethally poisoned (0 -> -14), very slightly contaminated
A: almost no armour, stealthy swim, amphibious, 8 rings, constrict 8, camouflage
1, gelatinous body 1
a: no special abilities


You were on level 1 of the Dungeon.
You were not hungry.

You visited 1 branch of the dungeon, and saw 1 of its levels.

Inventory:

Comestibles
 a - 3 chunks of flesh
 e - a ration


   Skills:
 + Level 2.0 Dodging
 + Level 2.7 Stealth
 * Level 2.0 Spellcasting
 * Level 1.1 Transmutations
 * Level 3.7 Poison Magic


You had 3 spell levels left.
You knew the following spells:

 Your Spells              Type           Power        Failure   Level  Hunger
a - Sting                 Tmut/Pois      ##..         7%          1    #......

Your spell library contained the following spells:

 Spells                   Type           Power        Failure   Level  Hunger
 Poisonous Vapours        Pois/Air       #.....       14%         2    ###....
 Ignite Poison            Fire/Tmut/Pois #.......     30%         3    ###....
 Mephitic Cloud           Conj/Pois/Air  #.......     34%         3    ###....
 Olgreb's Toxic Radiance  Pois           ##......     38%         4    #####..


Dungeon Overview and Level Annotations

Branches:
Dungeon (1/15)

Altars:


Innate Abilities, Weirdness & Mutations

You cannot wear most types of armour.
You are very stealthy in the water. (Stealth+)
You are amphibious.
You can wear up to eight rings at the same time.
You can use your tentacles to constrict eight enemies at once.
Your skin changes colour to match your surroundings (Stealth+).
Your rubbery body absorbs attacks. (AC +1, EV +1)


Message History

The kobold hits you with a +0 short sword of venom.
* * * LOW HITPOINT WARNING * * *
You are lethally poisoned!
You take 4 damage, and have 5/11 hp.
MASSIVE DAMAGE!!
* * * LOW HITPOINT WARNING * * *
You feel sick.
You take 2 damage, and have 3/11 hp.
You aren't carrying any potions.
* * * LOW HITPOINT WARNING * * *
You feel sick.
You take 1 damage, and have 2/11 hp.
There is a large open door, spattered with blood here.
Things that are here:
a +0 club; a goblin skeleton
* * * LOW HITPOINT WARNING * * *
You feel sick.
You take 1 damage, and have 1/11 hp.
You don't have enough magic to cast that spell.
You die...

#.........#
#...†.....#
####..#####
##.# #######
#.#
###≈§≈≈≈§#
#.###§≈§§≈§≈§
#.##≈≈≈§≈#§≈§
#.##≈≈≈§§≈§≈≈
#@#§≈#≈≈§§≈
#.#≈≈≈≈≈####
#.K.......>#
#.'.......<#
###≈≈≈§≈####
#§≈#§≈≈§§
##≈≈≈≈≈≈§≈≈
#§≈≈≈§#§§§§
##≈§§§≈≈§≈≈


You could see a kobold.

Levels and vault maps discovered:
D:1:      lightli_molten_gateway, layout_basic

Notes
Turn   | Place    | Note
-------+----------+-------------------------------------------
     0 | D:1      | lepoulpe303 the Octopode Venom Mage began the quest for the
                  | Orb.
     0 | D:1      | Reached XP level 1. HP: 11/11 MP: 3/3
     8 | D:1      | Identified a +0 club
    52 | D:1      | Identified a +0 short sword of venom
    81 | D:1      | HP: 2/11 [poisoned by a kobold]
    84 | D:1      | Succumbed to a kobold's poison

Table legend:
 A = Turns spent in this place as a percentage of turns spent in the entire game.
 B = Non-inter-level travel turns spent in this place as a percentage of non-inter-level travel turns spent in the entire game.
 C = Inter-level travel turns spent in this place as a percentage of turns spent in this place.
 D = Turns resting spent in this place as a percentage of non-inter-level travel turns spent in this place.
 E = Turns spent auto-exploring this place as a percentage of non-inter-level travel turns spent in this place.
 F = Non-inter-level travel turns spent in this place divided by the number of levels of this place that you've seen.
                   A       B       C       D       E      F
               +-------+-------+-------+-------+-------+----------------------
         Total | 100.0 | 100.0 |   0.0 |  26.2 |  22.6 |  84.0
       Dungeon | 100.0 | 100.0 |   0.0 |  26.2 |  22.6 |  84.0
               +-------+-------+-------+-------+-------+----------------------

Table legend:
 A = Kills in this place as a percentage of kills in entire the game.
 B = Kills by you in this place as a percentage of kills by you in the entire game.
 C = Kills by friends in this place as a percentage of kills by friends in the entire game.
 D = Other kills in this place as a percentage of other kills in the entire game.
 E = Experience gained in this place as a percentage of experience gained in the entire game.
 F = Experience gained in this place divided by the number of levels of this place that you have seen.
                   A       B       C       D       E      F
               +-------+-------+-------+-------+-------+----------------------
         Total | 100.0 | 100.0 |   N/A |   N/A | 100.0 |   6.0
       Dungeon | 100.0 | 100.0 |   N/A |   N/A | 100.0 |   6.0
               +-------+-------+-------+-------+-------+----------------------

Action                   || total
-------------------------++-------
 Cast: Sting             ||     4
Armor: Skin              ||     3
Dodge: Dodged            ||     4

Vanquished Creatures
  A bat (D:1)
  2 goblins (D:1)
3 creatures vanquished.
